TOP OF THE 1ST |
Arizona Diamondbacks batting - Pitching for San Diego Padres : RHP Joe Musgrove
|
Pitching: RHP Joe Musgrove
|
|
Batting: LHB Alex Verdugo
|
0-0: Ball 1-0: Foul Ball, location: 2F 1-1: Fly out, F8 (Flyball, 89D)
|
Batting: RHB Gleyber Torres
|
0-0: Ball 1-0: Called Strike 1-1: Called Strike 1-2: Strikes out swinging
|
Batting: LHB Josh Reddick
|
0-0: Ball 1-0: Ball 2-0: Called Strike 2-1: Foul Ball, location: 2F 2-2: Ground out U3 (Groundball, 3)
|
Top of the 1st over - 0 runs, 0 hits, 0 errors, 0 left on base; Arizona 0 - San Diego 0 |
BOTTOM OF THE 1ST |
San Diego Padres batting - Pitching for Arizona Diamondbacks : RHP Julio Teheran
|
Pitching: RHP Julio Teheran
|
|
Batting: RHB Jose Altuve
|
0-0: SINGLE (Groundball, 15S) (infield hit)
|
Batting: SHB Carlos Santana
|
0-0: Ball 1-0: Foul Ball, location: 2F 1-1: Swinging Strike 1-2: Ball 2-2: Foul Ball, location: 2F 2-2: Strikes out looking
|
Batting: RHB Mitch Haniger
|
0-0: Foul Ball, location: 2F 0-1: Ball 1-1: Foul Ball, location: 2F 1-2: SINGLE (Groundball, 56D) Jose Altuve to second
|
Batting: LHB Mike Moustakas
|
0-0: Called Strike 0-1: DOUBLE (Groundball, 3L) Jose Altuve scores Mitch Haniger to third
|
Batting: LHB David Peralta
|
0-0: Called Strike 0-1: Ball 1-1: Swinging Strike 1-2: Strikes out swinging
|
Batting: SHB Freddy Galvis
|
0-0: Called Strike 0-1: Ball 1-1: Swinging Strike 1-2: Ground out 6-3 (Groundball, 4MS)
|
Bottom of the 1st over - 1 run, 3 hits, 0 errors, 2 left on base; Arizona 0 - San Diego 1 |
TOP OF THE 2ND |
Arizona Diamondbacks batting - Pitching for San Diego Padres : RHP Joe Musgrove
|
Batting: RHB Christian Walker
|
0-0: Ball 1-0: Ball 2-0: Foul Ball, location: 2F 2-1: Swinging Strike 2-2: Ball 3-2: Strikes out swinging
|
Batting: LHB Ryan McMahon
|
0-0: Ball 1-0: Called Strike 1-1: Ball 2-1: Foul Ball, location: 2F 2-2: SINGLE (Groundball, 6MD)
|
Batting: RHB Tim Beckham
|
0-0: Foul Ball, location: 2F 0-1: Foul Ball, location: 2F 0-2: Strikes out looking
|
Batting: LHB Isan Diaz
|
0-0: Foul Ball, location: 2F 0-1: Ball 1-1: Ball 2-1: Ball 3-1: Base on Balls Ryan McMahon to second
|
Batting: RHB Brian Serven
|
0-0: Ball 1-0: Ball 2-0: Called Strike 2-1: Ball 3-1: Called Strike 3-2: Strikes out swinging
|
Top of the 2nd over - 0 runs, 1 hit, 0 errors, 2 left on base; Arizona 0 - San Diego 1 |
BOTTOM OF THE 2ND |
San Diego Padres batting - Pitching for Arizona Diamondbacks : RHP Julio Teheran
|
Batting: RHB Yadier Molina
|
0-0: Ball 1-0: Called Strike 1-1: Foul Ball, location: 2F 1-2: Ball 2-2: SINGLE (Line Drive, 4MD)
|
Batting: RHB Lorenzo Cain
|
Pickoff Throw to First - Out! 1-3 0-0: Called Strike 0-1: Swinging Strike 0-2: Ground out 6-3 (Groundball, 6)
|
Batting: RHB Joe Musgrove
|
0-0: Fly out, F8 (Flyball, 78M)
|
Bottom of the 2nd over - 0 runs, 1 hit, 0 errors, 0 left on base; Arizona 0 - San Diego 1 |
TOP OF THE 3RD |
Arizona Diamondbacks batting - Pitching for San Diego Padres : RHP Joe Musgrove
|
Batting: RHB Julio Teheran
|
0-0: Ball 1-0: Ball 2-0: SINGLE (Groundball, 34D)
|
Batting: LHB Alex Verdugo
|
0-0: Ball 1-0: Ball 2-0: Ball 3-0: Called Strike 3-1: Base on Balls Julio Teheran to second
|
Batting: RHB Gleyber Torres
|
0-0: Ball 1-0: Foul Ball, location: 2F 1-1: Called Strike 1-2: Ball 2-2: Ball 3-2: SINGLE (Groundball, 6M) Julio Teheran to third Alex Verdugo to second
|
Batting: LHB Josh Reddick
|
0-0: Foul Ball, location: 2F 0-1: Ball 1-1: Ball 2-1: Foul Ball, location: 2F 2-2: Ball 3-2: GRAND SLAM HOME RUN (Flyball, 7D), Distance : 374 ft
|
Batting: RHB Christian Walker
|
0-0: Swinging Strike 0-1: Ball 1-1: Foul Ball, location: 2F 1-2: Ball 2-2: Ground out 4-3 (Groundball, 4)
|
Batting: LHB Ryan McMahon
|
0-0: Ball 1-0: Ball 2-0: Ball 3-0: Base on Balls
|
Batting: RHB Tim Beckham
|
0-0: Ball 1-0: Fly out, F8 (Flyball, 8LS)
|
Batting: LHB Isan Diaz
|
0-0: Called Strike 0-1: Swinging Strike 0-2: Strikes out swinging
|
Top of the 3rd over - 4 runs, 3 hits, 0 errors, 1 left on base; Arizona 4 - San Diego 1 |
BOTTOM OF THE 3RD |
San Diego Padres batting - Pitching for Arizona Diamondbacks : RHP Julio Teheran
|
Batting: RHB Jose Altuve
|
0-0: Fly out, F7 (Line Drive, 7)
|
Batting: SHB Carlos Santana
|
0-0: Foul Ball, location: 2F 0-1: Ball 1-1: Ball 2-1: Foul Ball, location: 2F 2-2: Ball 3-2: SINGLE (Flyball, 89M)
|
Batting: RHB Mitch Haniger
|
0-0: Called Strike 0-1: Swinging Strike 0-2: Strikes out swinging
|
Batting: LHB Mike Moustakas
|
0-0: Called Strike 0-1: Ball 1-1: Fly out, F8 (Flyball, 8RD)
|
Bottom of the 3rd over - 0 runs, 1 hit, 0 errors, 1 left on base; Arizona 4 - San Diego 1 |
TOP OF THE 4TH |
Arizona Diamondbacks batting - Pitching for San Diego Padres : RHP Joe Musgrove
|
Batting: RHB Brian Serven
|
0-0: Ball 1-0: Swinging Strike 1-1: Called Strike 1-2: Ball 2-2: Ball 3-2: Foul Ball, location: 2F 3-2: Strikes out swinging
|
Batting: RHB Julio Teheran
|
0-0: Ball 1-0: Called Strike 1-1: Swinging Strike 1-2: Strikes out swinging
|
Batting: LHB Alex Verdugo
|
0-0: Ball 1-0: Ball 2-0: SINGLE (Line Drive, 34D)
|
Batting: RHB Gleyber Torres
|
0-0: Called Strike 0-1: Ball 1-1: Swinging Strike 1-2: Ball 2-2: Strikes out looking
|
Top of the 4th over - 0 runs, 1 hit, 0 errors, 1 left on base; Arizona 4 - San Diego 1 |
BOTTOM OF THE 4TH |
San Diego Padres batting - Pitching for Arizona Diamondbacks : RHP Julio Teheran
|
Batting: LHB David Peralta
|
0-0: SINGLE (Groundball, 5D)
|
Batting: SHB Freddy Galvis
|
0-0: Ball 1-0: Called Strike 1-1: Ball 2-1: Fielders Choice at 2nd, 4-6 (Groundball, 34)
|
Batting: RHB Yadier Molina
|
0-0: Ball 1-0: Called Strike 1-1: Foul Ball, location: 2F 1-2: Grounds into double play, 6-4-3 (Groundball, 6)
|
Bottom of the 4th over - 0 runs, 1 hit, 0 errors, 0 left on base; Arizona 4 - San Diego 1 |
TOP OF THE 5TH |
Arizona Diamondbacks batting - Pitching for San Diego Padres : RHP Joe Musgrove
|
Pitching: LHP Mike Minor
|
|
Batting: LHB Josh Reddick
|
0-0: Ball 1-0: Swinging Strike 1-1: Foul Ball, location: 2F 1-2: Ball 2-2: Foul Ball, location: 2F 2-2: Fly out, F8 (Flyball, 8LD)
|
Batting: RHB Christian Walker
|
0-0: Ball 1-0: Called Strike 1-1: Foul Ball, location: 2F 1-2: Ball 2-2: Foul Ball, location: 2F 2-2: Ball 3-2: Base on Balls
|
Batting: LHB Ryan McMahon
|
0-0: SINGLE (Groundball, 4MD) Christian Walker to second
|
Batting: RHB Tim Beckham
|
0-0: Called Strike 0-1: Foul Ball, location: 2F 0-2: TRIPLE (Line Drive, 78XD) Christian Walker scores Ryan McMahon scores
|
Batting: LHB Isan Diaz
|
0-0: Hit by Pitch
|
Batting: RHB Brian Serven
|
0-0: Swinging Strike 0-1: Fly out, F9 (Flyball, 9LSF)
|
Batting: RHB Julio Teheran
|
0-0: Called Strike 0-1: Ground out 4-3 (Groundball, 4S)
|
Top of the 5th over - 2 runs, 2 hits, 0 errors, 2 left on base; Arizona 6 - San Diego 1 |
BOTTOM OF THE 5TH |
San Diego Padres batting - Pitching for Arizona Diamondbacks : RHP Julio Teheran
|
Batting: RHB Lorenzo Cain
|
0-0: DOUBLE (Groundball, 5L)
|
Batting: RHB Mike Minor
|
0-0: Sac Bunt to 23 - play at third, runner OUT! 3-5
|
Batting: RHB Jose Altuve
|
0-0: Called Strike 0-1: Grounds into double play, 5-4-3 (Groundball, 5)
|
Bottom of the 5th over - 0 runs, 1 hit, 0 errors, 0 left on base; Arizona 6 - San Diego 1 |
TOP OF THE 6TH |
Arizona Diamondbacks batting - Pitching for San Diego Padres : LHP Mike Minor
|
Batting: LHB Alex Verdugo
|
0-0: Ball 1-0: Ball 2-0: Foul Ball, location: 2F 2-1: Foul Ball, location: 2F 2-2: Ball 3-2: Foul Ball, location: 2F 3-2: Strikes out looking
|
Batting: RHB Gleyber Torres
|
0-0: Ball 1-0: Called Strike 1-1: Ball 2-1: Swinging Strike 2-2: Foul Ball, location: 2F 2-2: Ball 3-2: Foul Ball, location: 2F 3-2: Base on Balls
|
Pitching: RHP Luis A. Garcia
|
|
Batting: LHB Josh Reddick
|
0-0: Swinging Strike 0-1: Ball Wild Pitch! Gleyber Torres to second 1-1: Ground out 6-3 (Groundball, 6)
|
Batting: RHB Christian Walker
|
0-0: Foul Ball, location: 2F 0-1: Foul Ball, location: 2F 0-2: Ball 1-2: Ball 2-2: Foul Ball, location: 2F 2-2: Strikes out swinging
|
Top of the 6th over - 0 runs, 0 hits, 0 errors, 1 left on base; Arizona 6 - San Diego 1 |
BOTTOM OF THE 6TH |
San Diego Padres batting - Pitching for Arizona Diamondbacks : RHP Julio Teheran
|
Batting: SHB Carlos Santana
|
0-0: Ground out U3 (Groundball, 3)
|
Batting: RHB Mitch Haniger
|
0-0: Foul Ball, location: 2F 0-1: Foul Ball, location: 2F 0-2: Strikes out swinging
|
Batting: LHB Mike Moustakas
|
0-0: Swinging Strike 0-1: Fly out, F9 (Flyball, 89M)
|
Bottom of the 6th over - 0 runs, 0 hits, 0 errors, 0 left on base; Arizona 6 - San Diego 1 |
TOP OF THE 7TH |
Arizona Diamondbacks batting - Pitching for San Diego Padres : RHP Luis A. Garcia
|
Batting: LHB Ryan McMahon
|
0-0: Called Strike 0-1: Ball 1-1: Called Strike 1-2: Strikes out swinging
|
Batting: RHB Tim Beckham
|
0-0: Foul Ball, location: 2F 0-1: Fly out, F8 (Flyball, 8LD)
|
Batting: LHB Isan Diaz
|
0-0: Foul Ball, location: 2F 0-1: Ball 1-1: SOLO HOME RUN (Flyball, 7D), Distance : 391 ft
|
Batting: RHB Brian Serven
|
0-0: Called Strike 0-1: Called Strike 0-2: TRIPLE (Flyball, 89XD)
|
Pitching: RHP Josh Fields
|
|
Batting: RHB Julio Teheran
|
0-0: Ball 1-0: Called Strike 1-1: Ball 2-1: Called Strike 2-2: Foul Ball, location: 2F 2-2: Foul Ball, location: 2F 2-2: Strikes out swinging
|
Top of the 7th over - 1 run, 2 hits, 0 errors, 1 left on base; Arizona 7 - San Diego 1 |
BOTTOM OF THE 7TH |
San Diego Padres batting - Pitching for Arizona Diamondbacks : RHP Julio Teheran
|
Batting: LHB David Peralta
|
0-0: Called Strike 0-1: Ground out 1-3 (Groundball, 34S)
|
Batting: SHB Freddy Galvis
|
0-0: Fly out, F5 (Popup, 5S)
|
Batting: RHB Yadier Molina
|
0-0: Called Strike 0-1: Ball 1-1: Called Strike 1-2: Foul Ball, location: 2F 1-2: Ball 2-2: Ball 3-2: Ground out 6-3 (Groundball, 56)
|
Bottom of the 7th over - 0 runs, 0 hits, 0 errors, 0 left on base; Arizona 7 - San Diego 1 |
TOP OF THE 8TH |
Arizona Diamondbacks batting - Pitching for San Diego Padres : RHP Josh Fields
|
Batting: LHB Alex Verdugo
|
0-0: Called Strike 0-1: Swinging Strike 0-2: Strikes out looking
|
Batting: RHB Gleyber Torres
|
0-0: Ball 1-0: Swinging Strike 1-1: Swinging Strike 1-2: Ball 2-2: Foul Ball, location: 2F 2-2: Strikes out looking
|
Batting: LHB Josh Reddick
|
0-0: Called Strike 0-1: Swinging Strike 0-2: Foul Ball, location: 2F 0-2: TRIPLE (Line Drive, 78XD)
|
Batting: RHB Christian Walker
|
0-0: Called Strike 0-1: Foul Ball, location: 2F 0-2: Strikes out swinging
|
Top of the 8th over - 0 runs, 1 hit, 0 errors, 1 left on base; Arizona 7 - San Diego 1 |
BOTTOM OF THE 8TH |
San Diego Padres batting - Pitching for Arizona Diamondbacks : RHP Julio Teheran
|
Batting: RHB Lorenzo Cain
|
0-0: Hit by Pitch
|
Pinch Hitting: RHB Jose Pirela
|
0-0: Called Strike 0-1: Ball 1-1: Called Strike 1-2: Ball 2-2: Foul Ball, location: 2F 2-2: SINGLE (Groundball, 5D) Lorenzo Cain to second
|
Batting: RHB Jose Altuve
|
0-0: Ball 1-0: Foul Ball, location: 2F 1-1: Ball 2-1: Fly out, F8 (Flyball, 8LS)
|
Batting: SHB Carlos Santana
|
0-0: Ball 1-0: Called Strike 1-1: Grounds into double play, U6-3 (Groundball, 4M)
|
Bottom of the 8th over - 0 runs, 1 hit, 0 errors, 1 left on base; Arizona 7 - San Diego 1 |
TOP OF THE 9TH |
Arizona Diamondbacks batting - Pitching for San Diego Padres : RHP Josh Fields
|
Pitching: RHP Hunter Strickland
|
|
Batting: LHB Ryan McMahon
|
0-0: Ball 1-0: Swinging Strike 1-1: Called Strike 1-2: Fly out, F5 (Line Drive, 5)
|
Batting: RHB Tim Beckham
|
0-0: Foul Ball, location: 2F 0-1: Ground out 5-3 (Groundball, 56S)
|
Batting: LHB Isan Diaz
|
0-0: Ball 1-0: Foul Ball, location: 2F 1-1: Ball 2-1: Ball 3-1: Called Strike 3-2: Base on Balls
|
Batting: RHB Brian Serven
|
0-0: DOUBLE (Flyball, 8LXD) Isan Diaz to third Runner from 3rd tries for Home, SAFE, throw by CF to home
|
Pinch Hitting: SHB Francisco Mejia
|
0-0: Called Strike 0-1: Ball 1-1: Ball 2-1: Foul Ball, location: 2F 2-2: Foul Ball, location: 2F 2-2: Foul Ball, location: 2F 2-2: Strikes out swinging
|
Top of the 9th over - 1 run, 1 hit, 0 errors, 1 left on base; Arizona 8 - San Diego 1 |
BOTTOM OF THE 9TH |
San Diego Padres batting - Pitching for Arizona Diamondbacks : RHP Julio Teheran
|
Pitching: RHP Zach Petrick
|
|
Batting: RHB Mitch Haniger
|
0-0: Ball 1-0: Fly out, F8 (Flyball, 78M)
|
Batting: LHB Mike Moustakas
|
0-0: Ball 1-0: Fly out, F6 (Line Drive, 4M)
|
Batting: LHB David Peralta
|
0-0: Swinging Strike 0-1: Fly out, F7 (Flyball, 78S)
|
Bottom of the 9th over - 0 runs, 0 hits, 0 errors, 0 left on base; Arizona 8 - San Diego 1 |
|